 Dungeon Crawl Stone Soup version 0.30-a0-748-ge6a52f7cba (webtiles) character file.

Game seed: 14670698456388686651

856 browni3141 the Twirler (level 8, 0/62 HPs)
             Began as a Human Gladiator on Feb 9, 2023.
             Slain by a phantom (8 damage)
             ... on level 6 of the Dungeon.
             The game lasted 00:11:49 (5459 turns).

browni3141 the Twirler (Human Gladiator)            Turns: 5459, Time: 00:11:50

Health: 0/62       AC: -1    Str: 17    XL:     8   Next: 22%
Magic:  17/17      EV: 11    Int:  9    God:
Gold:   169        SH:  0    Dex: 14    Spells: 7/7 levels left

rFire   . . .      SeeInvis .    a - +0 quarterstaff
rCold   . . .      Faith    .    (shield currently unavailable)
rNeg    . . .      Spirit   .    g - +0 ring mail
rPois   .          Reflect  .    c - +0 helmet
rElec   .          Harm     .    (no cloak)
rCorr   .          Rampage  .    r - +0 pair of gloves
Will    .....                    (no boots)
Stlth   +                        (no amulet)
HPRegen 0.30/turn                o - ring of magical power
MPRegen 0.15/turn                (no ring)

@: lethally poisoned (0 -> -16), about to teleport, corroded, attractive,
studying Unarmed Combat
A: no striking features
a: no special abilities


You were on level 6 of the Dungeon.
You visited 2 branches of the dungeon, and saw 7 of its levels.

You collected 319 gold pieces.
You spent 150 gold pieces at shops.

Inventory:

Hand Weapons
 a - a +0 quarterstaff (weapon)
 b - a +0 sling
Missiles
 d - 2 throwing nets (quivered)
 e - a javelin
 i - 10 poisoned darts
Armour
 c - a +0 helmet (worn)
 g - a +0 ring mail (worn)
 j - a +0 leather armour
 r - a +0 pair of gloves (worn)
Jewellery
 o - a ring of magical power (left hand)
 z - a ring of willpower
Scrolls
 f - 2 scrolls of amnesia
 h - a scroll of teleportation
 k - 3 scrolls of magic mapping
 m - 2 scrolls of poison
 p - 2 scrolls of immolation
 q - 2 scrolls of enchant weapon {unknown}
 s - a scroll of silence {unknown}
 y - 2 scrolls of fear {unknown}
 A - a scroll of identify
 B - a scroll of torment {unknown}
 C - a scroll of fog {unknown}
Potions
 n - a potion of attraction
 t - a potion of haste
 u - a potion of curing {unknown}
 w - 2 potions of lignification {unknown}
 x - 2 potions of mutation {unknown}
 D - a potion of might {unknown}
 E - a potion of brilliance {unknown}
 F - a potion of cancellation {unknown}


   Skills:
 + Level 5.0 Fighting
 * Level 6.5 Staves
 * Level 2.1 Ranged Weapons
 - Level 2.0 Throwing
 - Level 3.0 Dodging
 - Level 2.0 Stealth
 - Level 3.0 Evocations


You had 7 spell levels left.
You didn't know any spells.
Your spell library contained the following spells:

 Spells                   Type           Power      Damage    Failure   Level
 Slow                     Hex            0%         N/A       58%         1
 Sting                    Tmut/Pois      0%         1d3       58%         1
 Ensorcelled Hibernation  Hex/Ice        0%         N/A       75%         2
 Passwall                 Tmut/Erth      0%         N/A       75%         2
 Poisonous Vapours        Pois/Air       0%         N/A       75%         2
 Scorch                   Fire           0%         2d5       75%         2
 Confusing Touch          Hex            0%         N/A       92%         3
 Swiftness                Air            0%         N/A       92%         3
 Vampiric Draining        Necr           0%         2d6       92%         3
 Cause Fear               Hex            0%         N/A       100%        4
 Dragon Form              Tmut           0%         N/A       100%        7
 Dragon's Call            Summ           0%         N/A       100%        9


Dungeon Overview and Level Annotations

Branches:
Dungeon (6/15)             Temple (1/1) D:5

Altars:
Cheibriados
Dithmenos
Hepliaklqana
Kikubaaqudgha
Makhleb
Qazlal
Trog
Uskayaw
Vehumet
Wu Jian
Xom
Yredelemnul

Shops:
D:5 !

Annotations:
D:3 1 runed translucent door, Crazy Yiuf
D:5 3 runed translucent doors, exclusion: 3 doors, Pooter's ghost, amateur TrHu


Message History

The acid dragon is almost dead.
The now-empty wand crumbles to dust.
The adder barely misses you. The acid dragon barely misses you.
The acid dragon misses you.
a - a +0 quarterstaff (weapon)
The adder barely misses you. The acid dragon bites you!
* * * LOW HITPOINT WARNING * * *
The acid dragon misses you.
A phantom comes into view.
You hit the acid dragon.
The acid dragon is almost dead.
The adder bites you.
* * * LOW HITPOINT WARNING * * *
You are poisoned.
The adder poisons you!
A sky beast comes into view.
The acid dragon spits acid at you. The splash of acid misses you.
You feel much better.
You feel sick. The adder barely misses you. The acid dragon bites you.
The acid dragon claws you. The adder bites you.
You are more poisoned.
The adder poisons you!
As you read the scroll of teleportation, it crumbles to dust.
You feel strangely unstable.
You feel very sick. The adder bites you.
* * * LOW HITPOINT WARNING * * *
You are more poisoned.
The adder poisons you! The adder bites you.
* * * LOW HITPOINT WARNING * * *
You are lethally poisoned!
The adder poisons you! The adder barely misses you. The acid dragon misses you.
The acid dragon barely misses you. The phantom hits you.
* * * LOW HITPOINT WARNING * * *
The phantom blinks!
You blink.
It was a potion of attraction.
You feel attractive to monsters.
* * * LOW HITPOINT WARNING * * *
You feel very sick. The phantom hits you!
You die...

........## .........##..
.........#...## .
..###.#.^##...# ..
.....###......### ...
#.†.............# ...
#...............# ..
#..............W##.#..#
#.......D..S....@.....#
.........S##.......####
#.........##.........#
#........###............
#........# #..#.....###.
#........# ##.##.##..
..##Y..... . ... ...
............. ... ...# .
..........


You could see a phantom and 2 adders.

Vanquished Creatures
  An ice beast (D:5)
  A sky beast (D:6)
  A centaur (D:5)
  A scorpion (D:6)
  A centaur zombie (D:5)
  A bullfrog zombie (D:5)
  A jelly (D:6)
  3 hounds (D:5)
  An orc priest (D:4)
  3 iguanas
  2 orc wizards
  A gnoll (D:5)
  5 adders
  2 ufetubi
  4 worms
  4 dart slugs
  13 orcs
  5 bats
  5 endoplasms
  4 giant cockroaches
  7 goblins
  6 hobgoblins
  2 jackals (D:4)
  2 quokkas (D:1)
  6 ball pythons
  5 frilled lizards
  8 kobolds
  6 rats
101 creatures vanquished.

Notes
Turn   | Place    | Note
-------+----------+-------------------------------------------
     0 | D:1      | browni3141 the Human Gladiator began the quest for the Orb.
     0 | D:1      | Reached XP level 1. HP: 16/16 MP: 1/1
    94 | D:1      | Reached XP level 2. HP: 22/22 MP: 2/2
   115 | D:1      | Got the Discourse on the Incandescent Cure
   158 | D:1      | Reached skill level 1 in Stealth
   310 | D:1      | Reached XP level 3. HP: 27/27 MP: 3/3
   840 | D:2      | Found a bloodstained altar of Trog.
   859 | D:2      | Reached skill level 1 in Ranged Weapons
  1227 | D:2      | Reached skill level 4 in Staves
  1227 | D:2      | Reached XP level 4. HP: 29/33 MP: 4/4
  1742 | D:2      | Reached XP level 5. HP: 31/38 MP: 5/5
  2376 | D:3      | Reached skill level 5 in Staves
  2430 | D:3      | Found a runed translucent door.
  2431 | D:3      | Noticed Crazy Yiuf
  2571 | D:3      | Found a snail-covered altar of Cheibriados.
  2571 | D:3      | Found a shadowy altar of Dithmenos.
  2662 | D:4      | Found a radiant altar of Vehumet.
  2737 | D:4      | Reached XP level 6. HP: 43/46 MP: 6/6
  3423 | D:5      | Entered Level 5 of the Dungeon
  3636 | D:5      | Noticed an ice beast
  3644 | D:5      | Killed an ice beast
  3645 | D:5      | Reached skill level 6 in Staves
  3645 | D:5      | Reached XP level 7. HP: 20/54 MP: 7/7
  3651 | D:5      | Reached skill level 1 in Evocations
  3812 | D:5      | Found a staircase to the Ecumenical Temple.
  3839 | D:5      | Found a runed translucent gate.
  3839 | D:5      | Found a runed translucent gate.
  3839 | D:5      | Found a runed translucent gate.
  3839 | D:5      | Noticed Pooter's ghost (amateur TrHu)
  3841 | D:5      | Found a basalt altar of Yredelemnul.
  3909 | D:5      | Found a burning altar of Makhleb.
  4130 | Temple   | Entered the Ecumenical Temple
  4553 | D:5      | Found Moah's Distillery.
  4558 | D:5      | Bought a potion of haste for 150 gold pieces
  5205 | D:6      | Reached skill level 5 in Fighting
  5205 | D:6      | Reached XP level 8. HP: 46/62 MP: 8/8
  5459 | D:6      | Slain by a phantom

Illustrated notes

Levels and vault maps discovered:
D:1:      eino_arrival_tree_alley, layout_loops_cross
D:2:      layout_basic, basic_altar
D:3:      layout_rooms, gammafunk_temple_overflow_elements, st_stairs_10,
          grunt_ministairs_12, uniq_crazy_yiuf_cottage
D:4:      kennysheep_big_flooded_room, layout_basic, vehumet_altar_wand_db,
          corexii_leaking_fountain, minivault_26,
          minmay_a_box_with_orc_wizards_in_it
D:5:      layout_layer_cave, mainiacjoe_overflow_six_doors_small,
          nicolae_yredelemnul_ghost_church, minmay_temple_entry_crystal_x,
          serial_shops, kennysheep_little_box, mrwooster_statue_mirror,
          cheibrodos_gnoll_hut
D:6:      layout_cave_pools, mainiacjoe_overflow_boulevard, old_standard_altar,
          nicolae_elevator_lobby_plus
Temple:   hellmonk_temple_flake

Skill      XL: |  1  2  3  4  5  6  7 |
---------------+----------------------+-----
Stealth        | 1 2 |  2.0
Ranged Weapons | 1 2 |  2.1
Staves         | 4 5 6 |  6.5
Fighting       | 4 5 |  5.0
Evocations     | 3 |  3.0
Throwing       | |  2.0
Dodging        | |  3.0

Action                     |  1- 3 |  4- 6 |  7- 9 || total
---------------------------+-------+-------+-------++-------
  Melee: Quarterstaff      |    43 |   170 |    75 ||   288
   Fire: Sling             |    71 |    89 |     1 ||   161
  Throw: Throwing net      |       |     2 |       ||     2
  Evoke: Wand              |       |     5 |     6 ||    11
    Use: Scroll            |       |     8 |     2 ||    10
         Potion            |       |     1 |     2 ||     3
   Stab: Held in net/web   |       |     1 |       ||     1
         Sleeping          |       |     1 |       ||     1
 Armour: Leather armour    |     5 |       |       ||     5
         Ring mail         |    23 |   129 |    33 ||   185
  Dodge: Dodged            |    46 |   174 |    47 ||   267

Table legend: (Time is in decaauts)
 A = Elapsed time spent in this place.
 B = Non-inter-level travel time spent in this place.
 C = Inter-level travel time spent in this place.
 D = Time resting spent in this place.
 E = Time spent auto-exploring this place.
 F = Levels seen in this place.
 G = Mean time per level.
                   A        B        C        D        E       F      G
               +--------+--------+--------+--------+--------+-----+--------+
         Total |   5540 |   5341 |    199 |    413 |   3823 |   7 |  791.4 |
       Dungeon |   5388 |   5198 |    190 |    413 |   3687 |   6 |  898.0 |
        Temple |    152 |    143 |      9 |      0 |    136 |   1 |  152.0 |
               +--------+--------+--------+--------+--------+-----+--------+

Top non-repeatable levels by time:
     D:5: 1613 daAuts
     D:2: 1142 daAuts
     D:4: 807 daAuts
     D:1: 790 daAuts
     D:3: 764 daAuts
     D:6: 269 daAuts
  Temple: 152 daAuts
